 Dungeon Crawl Stone Soup version 0.29-a0-284-gf9362112df (webtiles) character file.

Game seed: 16869207887170642131

265634 sokol815 the Severer (level 19, 0/143 HPs)
             Began as a Demonspawn Monk on Mar 23, 2022.
             Was an Initiate of Gozag.
             Slain by an orc warlord
             ... wielding a +2 battleaxe of freezing
              (1 damage)
             ... on level 4 of the Vaults.
             The game lasted 02:03:45 (48766 turns).

sokol815 the Severer (Demonspawn Monk)             Turns: 48766, Time: 02:03:45

Health: 0/143      AC: 23    Str: 17    XL:     19   Next: 68%
Magic:  25/25      EV: 12    Int: 16    God:    Gozag
Gold:   4109       SH: 13    Dex: 13    Spells: 7/26 levels left

rFire   + + +      SeeInvis .   a - +8 mithril axe "Arga" {speed, Will+}
rCold   + + +      Faith    .   u - +3 buckler {AC+3}
rNeg    + . .      Spirit   .   r - +0 scale mail of Space {rPois rF++ rN+ Dex-2}
rPois   +          Reflect  +   v - +2 helmet "Wetiaxu" {rElec Slay+2 Stlth+}
rElec   +          Harm     .   f - +1 cloak
rCorr   .          Rampage  .   o - +0 pair of gloves "Inoxt" {rElec rC++ Will+++ Stlth+}
Will    +++++                   j - +0 pair of boots {Fly}
Stlth   +++++.....              e - amulet of reflection
HPRegen 0.33/turn               Q - +4 ring of slaying
MPRegen 0.19/turn               n - ring of Contentment {rF+ rC+ Int+3 Dex-2}

@: mighty, flying
A: thin metallic scales 3, ignite blood 2, powered by pain 2, weakness stinger 2
}: 1/15 runes: gossamer
a: Renounce Religion, Potion Petition, Call Merchant, Bribe Branch


You were on level 4 of the Vaults.
You worshipped Gozag.
Gozag was most pleased with you.
You visited 5 branches of the dungeon, and saw 31 of its levels.
You also visited: Ossuary.

You collected 16086 gold pieces.
You spent 7023 gold pieces at shops.
You paid 4954 gold pieces to Gozag.

Inventory:

Hand Weapons
 a - the +8 mithril axe "Arga" (weapon) {speed, Will+}
   (You bought it in a shop on level 7 of the Dungeon)

   Attacks with this weapon are significantly faster.
   Will:      It increases your willpower.
 b - a +1 dagger of venom
   (You found it on level 2 of the Dungeon)
 c - a +3 hand crossbow
   (You took it off a kobold on level 9 of the Dungeon)
 x - a +2 demon trident of pain
   (You took it off Asterion on level 4 of the Spider Nest)
 O - the +10 hunting sling "Ocarin" {venom, rCorr Int+2}
   (You found it on level 1 of the Spider Nest)

   Any ammunition fired from it poisons the flesh of those it strikes.
   Int:       It affects your intelligence (+2).
   rCorr:     It protects you from acid and corrosion.
Missiles
 g - 17 boomerangs
 w - 5 javelins
 C - 2 silver boomerangs
 F - 10 throwing nets {!d}
 T - 6 silver javelins
 V - 7 boomerangs of dispersal {=f}
Armour
 f - a +1 cloak (worn)
   (You found it on level 1 of the Dungeon)
 j - a +0 pair of boots of flying (worn)
   (You found it on level 4 of the Spider Nest)
 k - the +1 robe of Vines {NoPotionHeal Regen++++}
   (You bought it in a shop on level 11 of the Dungeon)

   Its wearer cannot be healed by potions.
   Regen:     It increases your rate of health regeneration.
 o - the +0 pair of gloves "Inoxt" (worn) {rElec rC++ Will+++ Stlth+}
   (You found it on level 12 of the Dungeon)

   rC:        It greatly protects you from cold.
   rElec:     It insulates you from electricity.
   Will:      It greatly increases your willpower.
   Stlth:     It makes you more stealthy.
 r - the +0 scale mail of Space (worn) {rPois rF++ rN+ Dex-2}
   (You bought it in a shop on level 11 of the Dungeon)

   Dex:       It affects your dexterity (-2).
   rF:        It greatly protects you from fire.
   rPois:     It protects you from poison.
   rN:        It protects you from negative energy.
 u - a +3 buckler of protection (worn)
   (You bought it in a shop on level 10 of the Dungeon)
 v - the +2 helmet "Wetiaxu" (worn) {rElec Slay+2 Stlth+}
   (You bought it in a shop on level 11 of the Dungeon)

   Slay:      It affects your accuracy & damage with ranged weapons and melee
   (+2).
   rElec:     It insulates you from electricity.
   Stlth:     It makes you more stealthy.
Magical Staves
 G - a staff of conjuration
   (You found it on level 3 of the Spider Nest)
Jewellery
 e - an amulet of reflection (around neck)
   (You found it on level 5 of the Dungeon)
 n - the ring of Contentment (right hand) {rF+ rC+ Int+3 Dex-2}
   (You bought it in a shop on level 2 of the Orcish Mines)

   [ring of protection from cold]

   Int:       It affects your intelligence (+3).
   Dex:       It affects your dexterity (-2).
   rF:        It protects you from fire.
   rC:        It protects you from cold.
 s - the ring "Ibuaff" {Dex+6 SInv}
   (You acquired it on level 6 of the Lair of Beasts)

   [ring of dexterity]

   Dex:       It affects your dexterity (+6).
   SInv:      It lets you see invisible.
 t - the ring "Janemiolaa" {rC+ rCorr Dex+5}
   (You acquired it on level 11 of the Dungeon)

   [ring of protection from cold]

   Dex:       It affects your dexterity (+5).
   rC:        It protects you from cold.
   rCorr:     It protects you from acid and corrosion.
 L - the ring "Fociop" {rPois Will+ rCorr}
   (You found it on level 6 of the Lair of Beasts)

   [ring of resist corrosion]

   rPois:     It protects you from poison.
   rCorr:     It protects you from acid and corrosion.
   Will:      It increases your willpower.
 Q - a +4 ring of slaying (left hand)
   (You found it on level 2 of the Spider Nest)
 Z - a ring of wizardry {Wiz+, !d}
   (You found it on level 4 of the Spider Nest)
Wands
 d - a wand of digging (6)
   (You found it on level 10 of the Dungeon)
 h - a wand of acid (15)
   (You took it off an orc on level 8 of the Dungeon)
 i - a wand of iceblast (9)
   (You found it on level 7 of the Dungeon)
 p - a wand of paralysis (10)
   (You found it on level 5 of the Lair of Beasts)
 q - a wand of flame (27)
   (You took it off Ijyb on level 3 of the Dungeon)
 y - a wand of mindburst (6)
   (You found it on level 5 of the Lair of Beasts)
Scrolls
 l - 16 scrolls of identify {@r1}
 E - 5 scrolls of fear
 K - 5 scrolls of immolation {!r}
 S - 2 scrolls of summoning
 W - 3 scrolls of fog
 X - 6 scrolls of magic mapping {@r4!r}
 Y - 12 scrolls of teleportation {@r3}
Potions
 A - 6 potions of attraction {!q}
 B - 6 potions of brilliance
 H - 6 potions of haste
 I - a potion of invisibility
 J - 13 potions of curing {@q1}
 M - 3 potions of might
 N - 5 potions of heal wounds {@q2}
 P - 10 potions of lignification {!q}
 R - 4 potions of resistance
 U - 7 potions of mutation {!q}
Miscellaneous
 m - a phantom mirror
   (You found it on level 5 of the Lair of Beasts)
 z - a box of beasts
   (You found it on level 1 of the Vaults)


   Skills:
 - Level 11.0 Fighting
 - Level 5.4 Short Blades
 - Level 17.7(18.0) Axes
 - Level 4.5(12.4) Polearms
 - Level 12.8 Crossbows
 - Level 7.0 Armour
 - Level 7.1 Dodging
 - Level 10.0 Stealth
 - Level 7.0 Shields
 - Level 4.0 Spellcasting
 - Level 14.0 Conjurations
 * Level 14.0 Ice Magic
 - Level 4.0 Air Magic
 - Level 6.8 Evocations


You had 7 spell levels left.
You knew the following spells:

 Your Spells              Type           Power      Damage    Failure   Level
a - Hailstorm             Conj/Ice       48%        3d11      1%          4
b - Frozen Ramparts       Ice            96%        1d11      1%          3
c - Polar Vortex          Ice            24%        N/A       100%        9
s - Swiftness             Air            16%        N/A       34%         3

Your spell library contained the following spells:

 Spells                   Type           Power      Damage    Failure   Level
 Freeze                   Ice            100%       1d11      1%          1
 Shock                    Conj/Air       100%       1d9       1%          1
 Freezing Cloud           Conj/Ice/Air   18%        6-21      22%         5
 Poisonous Vapours        Pois/Air       18%        N/A       38%         2
 Lightning Bolt           Conj/Air       16%        1d30      38%         5
 Animate Skeleton         Necr           6%         N/A       52%         1
 Apportation              Tloc           6%         N/A       52%         1
 Pain                     Necr           12%        1d4       52%         1
 Slow                     Hex            12%        N/A       52%         1
 Sting                    Tmut/Pois      12%        1d3       52%         1
 Metabolic Englaciation   Hex/Ice        12%        N/A       67%         5
 Airstrike                Air            8%         N/A       75%         4
 Confusing Touch          Hex            3%         N/A       88%         3
 Portal Projectile        Hex/Tloc       6%         N/A       88%         3
 Vampiric Draining        Necr           3%         2d6       88%         3
 Summon Lightning Spire   Summ/Air       9%         N/A       95%         4
 Olgreb's Toxic Radiance  Pois           3%         N/A       99%         4
 Petrify                  Tmut/Erth      3%         N/A       99%         4
 Simulacrum               Ice/Necr       12%        N/A       99%         6
 Alistair's Intoxication  Tmut/Pois      2%         N/A       100%        5
 Blade Hands              Tmut           1%         N/A       100%        5
 Excruciating Wounds      Necr           1%         N/A       100%        5
 Summon Forest            Summ/Tloc      1%         N/A       100%        5
 Summon Mana Viper        Hex/Summ       3%         N/A       100%        5
 Statue Form              Tmut/Erth      2%         N/A       100%        6
 Summon Cactus Giant      Summ           1%         N/A       100%        6


Dungeon Overview and Level Annotations

Branches:
Dungeon (15/15)            Temple (0/1) D:7            Lair (6/6) D:8
 Shoals (0/4) Lair:3       Spider (4/4) Lair:2        Slime (0/5) Lair:5
    Orc (2/2) D:9             Elf (0/3) Orc:2        Vaults (4/5) D:13
  Crypt (0/3) Vaults:2     Depths (0/4) D:15        Ossuary (visited)

Altars:
Elyvilon
Gozag
Hepliaklqana
Kikubaaqudgha
Okawaru
Qazlal
Sif Muna
Trog
Uskayaw
Vehumet
Zin
The Shining One

Shops:
D:5 *   D:7 (   D:10 ?[[?   D:11 [   Orc:2 !(=(   Lair:4 ((   Vaults:1 (*

Annotations:
D:15 2 runed translucent doors, Cecur's ghost, journeyman DsWz
Lair:6 3 runed translucent doors, spaghetti's ghost, journeyman DsBe


Innate Abilities, Weirdness & Mutations

You are completely covered in thin metallic scales. (AC +4, rElec)
Your demonic aura often causes spilled blood to erupt in flames.
You sometimes gain power by taking damage.
You have a tail ending in a sharp stinger.


Message History

You tail-slap the slime creature. You completely miss the redback.
An orc knight comes into view. It is wielding a +0 glaive.
The slime creature barely misses you.
You slice the slime creature!! You slash the redback!
You hear a shout! x2
The redback bites you but does no damage.
You block the slime creature's attack.
You slice the slime creature!!
You kill the slime creature!
You slash the redback!
You kill the redback!
The orc knight barely misses you.
You see here 5 gold pieces.
An orc knight, an entropy weaver and a crystal guardian come into view.
An orc knight comes into view. It is wielding a +0 bardiche.
An orc warlord comes into view.
It is wielding a +2 battleaxe of freezing.
The orc knight roars a battlecry!
The orcs go into a battle-frenzy!
The orc knight shouts!
The orc warlord shouts!
You hear a shout! x2
You hit the orc knight.
The orc knight roars a battlecry!
The orc knight goes into a battle-frenzy!
A yaktaur comes into view.
The orc knight roars a battlecry!
You block the orc knight's attack.
You hear a shout! x2
You slash the orc knight!
You tail-slap the orc knight, but do no damage.
You slash the orc knight!
The yaktaur is distracted by your dazzling golden aura.
A yaktaur comes into view.
The orc knight is engulfed in blazing flames.
You block the orc knight's attack.
The yaktaur shouts!
You slash the orc knight!
The entropy weaver is engulfed in blazing flames.
You slash the orc knight! You hit the entropy weaver.
The orc knight is engulfed in blazing flames.
You kill the orc knight!
An orc knight comes into view. It is wielding a +2 war axe.
You slice the entropy weaver!! You tail-slap the entropy weaver.
You hear a roar!
The entropy weaver is engulfed in blazing flames.
The entropy weaver hits you.
The entropy weaver completely misses you.
The entropy weaver hits you but does no damage.
You block the entropy weaver's attack.
You take 4 damage, and have 139/143 hp.
You slash the entropy weaver! You slice the entropy weaver!!
You kill the entropy weaver!
The yaktaur is no longer distracted by gold.
The yaktaur is distracted by your dazzling golden aura.
A yaktaur comes into view.
Items here: ! $ ) [.
The yaktaur shouts!
You slice the orc warlord!!
You hear a roar!
A peacekeeper comes into view.
You slash the orc warlord!
You tail-slap the orc warlord, but do no damage.
The orc warlord is engulfed in blazing flames.
You closely miss the orc warlord. You slash the crystal guardian!
You hit the orc warlord.
You hit the crystal guardian but do no damage.
The yaktaur is no longer distracted by gold.
You block the crystal guardian's attack.
The yaktaur wields a +0 arbalest.
The yaktaur shoots a bolt.
The bolt barely misses you.
The orc warlord is engulfed in blazing flames.
The orc warlord hits you with a +2 battleaxe of freezing!!
The orc warlord freezes you.
You take 31 damage, and have 109/143 hp.
MASSIVE DAMAGE!!
The crystal guardian hits you but does no damage.
The orc warlord is engulfed in blazing flames.
The orc warlord hits you with a +2 battleaxe of freezing!!!
You focus on the pain.
You feel very mighty all of a sudden. The orc warlord freezes you.
You take 54 damage, and have 55/143 hp.
MASSIVE DAMAGE!!
You hit the crystal guardian. You slash the orc warlord!
You slash the orc knight! You slash the yaktaur!
The yaktaur is engulfed in blazing flames.
The yaktaur unwields a +0 arbalest.
The yaktaur hits you but does no damage.
A redback comes into view.
You slash the crystal guardian! You slash the yaktaur!
You closely miss the orc knight. You slash the orc warlord!
You block the crystal guardian's attack.
The orc knight is engulfed in blazing flames.
The orc knight hits you with a +0 long sword!!
* * * LOW HITPOINT WARNING * * *
The orc warlord is engulfed in blazing flames.
The orc warlord hits you with a +2 battleaxe of freezing!!
* * * LOW HITPOINT WARNING * * *
The orc warlord freezes you.
You die...
Your body crumbles into a pile of gold.

#......# #......#
#......# #......#
######## #########
##########.......#
#.○9o.#..#.......#
#@○°$..#.......#
#c.oco§#$$.#.......###
...so#c....#.'.......#.#
##'# #########.......'..
# #.^.....#..
#.......#.. #.......###
#########


You could see an orc warlord (strong), 3 orc knights, a crystal guardian, 3
yaktaurs and a redback.

Vanquished Creatures
  Bai Suzhen (Spider:3)
  Xtahua (Vaults:3)
  Arachne (Spider:3)
  Jorgrun (D:14)
  Asterion (Spider:4)
  2 sphinxes
  A tengu reaver (Vaults:3)
  Kirke (D:12)
  An orc warlord (Vaults:3)
  2 emperor scorpions (Spider:4)
  Aizul (Spider:3)
  2 ghost moths (Spider:4)
  12 vault wardens
  4 war gargoyles
  15 ironbound preservers
  3 broodmothers
  A stone giant (D:15)
  A vampire knight (Vaults:2)
  Nessos (Lair:4)
  8 ironbound thunderhulks
  7 entropy weavers
  2 spark wasps
  9 dire elephants
  A deep elf demonologist (Vaults:1)
  A crystal guardian (Vaults:3)
  7 yaktaur captains
  18 vault guards
  A deep elf high priest (Vaults:1)
  Harold (D:11)
  3 peacekeepers
  7 great orbs of eyes
  5 jorogumos
  10 hydras
  4 ogre magi (Orc:2)
  8 radroaches
  6 boulder beetles
  17 centaur warriors
  6 ironbound frosthearts
  A death knight (D:12)
  21 two-headed ogres
  A catoblepas (Lair:6)
  A death yak (Lair:3)
  2 orc high priests
  Urug (Lair:6)
  Amaemon (Lair:3)
  Nergalle (Lair:4)
  5 pharaoh ants
  A sun moth (Spider:2)
  4 skeletal warriors (D:14)
  Lodul (D:11)
  49 deep trolls
  7 orb spiders
  13 ironbound convokers
  A glowing orange brain (Vaults:4)
  2 wizards
  9 orc knights
  2 steelbarb worms
  4 necromancers
  12 ugly things
  11 lindwurms
  19 wolf spiders
  4 oklob plants
  3 orc sorcerers
  2 manticores
  3 moths of wrath
  28 elephants
  6 cyclopes
  13 vault sentinels
  2 merfolk sirens (Lair:3)
  8 black mambas
  3 torpor snails
  A gargoyle (D:11)
  An orange demon (Lair:3)
  14 cane toads
  17 yaktaurs
  A yaktaur zombie (Vaults:1)
  10 komodo dragons
  A kobold demonologist (D:12)
  2 rime drakes
  2 freezing wraiths (D:12)
  A tengu conjurer (D:13)
  7 demonic crawlers
  A queen bee (D:15)
  9 trolls
  7 meliai
  15 polar bears
  13 blink frogs
  A hornet (D:10)
  2 merfolk (Lair:3)
  A raiju (Lair:6)
  29 slime creatures
  20 tarantellas
  7 dream sheep (Lair:5)
  23 culicivoras
  23 jumping spiders
  3 shadows
  4 vampires
  2 wraiths (D:12)
  A human (D:12)
  3 wyverns
  37 yaks
  Eustachio (D:5)
  4 hogs (D:12)
  4 basilisks
  3 steam dragons
  An elf simulacrum (Vaults:2)
  39 redbacks
  A yaktaur simulacrum (Vaults:1)
  10 wargs
  13 water moccasins
  3 acid dragons
  16 hell hounds (Lair:6)
  28 orc warriors
  A sky beast (D:7)
  12 black bears
  2 ice beasts
  3 human skeletons (Vaults:4)
  33 ogres
  5 centaurs (D:14)
  24 wolves
  7 elf zombies
  3 kobold brigands
  Blork the orc (D:5)
  15 bullfrogs
  A necrophage (D:4)
  3 scorpions
  2 gnoll sergeants (D:10)
  4 wights (D:7)
  17 killer bees
  4 electric eels
  6 howler monkeys
  4 vampire bats (Lair:6)
  2 centaur zombies (Ossuary)
  A jelly (D:4)
  7 human zombies
  15 orc priests
  4 hounds
  A gnoll shaman (D:8)
  Ijyb (D:3)
  Terence (D:3)
  4 iguanas
  21 orc wizards
  3 mummies (Ossuary)
  14 gnolls
  12 adders
  A shadow imp (D:7)
  2 white imps
  An ufetubus (D:7)
  4 worms (D:15)
  5 dart slugs
  90 orcs
  5 ball pythons
  11 bats
  7 endoplasms
  14 giant cockroaches
  12 goblins
  5 hobgoblins
  5 jackals
  4 quokkas
  4 frilled lizards
  20 kobolds
  7 rats
1225 creatures vanquished.

Vanquished Creatures (others)
  A wizard (Vaults:2)
  A manticore (D:11)
  A culicivora (Spider:1)
  54 fungi
  95 plants
152 creatures vanquished.

Grand Total: 1377 creatures vanquished

Notes
Turn   | Place    | Note
-------+----------+-------------------------------------------
     0 | D:1      | sokol815 the Demonspawn Monk began the quest for the Orb.
     0 | D:1      | Reached XP level 1. HP: 18/18 MP: 1/1
    78 | D:1      | Reached skill level 3 in Axes
   208 | D:1      | Gained mutation: You are partially covered in thin metallic
                  | scales. (AC +2) [demonic ancestry]
   208 | D:1      | Reached XP level 2. HP: 23/24 MP: 2/2
   327 | D:1      | Found a faded altar of an unknown god.
   357 | D:1      | Prayed at the altar of an unknown god.
   357 | D:1      | Became a worshipper of Gozag Ym Sagoz the Greedy
   633 | D:1      | Reached XP level 3. HP: 24/29 MP: 3/3
   845 | D:2      | Reached skill level 4 in Axes
  1245 | D:2      | Gained mutation: You are mostly covered in thin metallic
                  | scales. (AC +3) [demonic ancestry]
  1245 | D:2      | Reached XP level 4. HP: 35/35 MP: 4/4
  1607 | D:2      | Reached skill level 5 in Axes
  2144 | D:3      | Reached XP level 5. HP: 29/41 MP: 5/5
  2158 | D:3      | HP: 7/41 [orc/+0 flail (4)]
  2165 | D:3      | HP: 7/41 [frilled lizard (1)]
  2166 | D:3      | HP: 3/41 [orc/+0 flail (4)]
  2201 | D:3      | Reached skill level 1 in Polearms
  2274 | D:3      | Noticed Ijyb
  2467 | D:3      | Killed Ijyb
  2656 | D:3      | Reached skill level 1 in Shields
  2808 | D:3      | Noticed Terence
  2823 | D:3      | Killed Terence
  3094 | D:4      | Reached skill level 2 in Polearms
  3094 | D:4      | Reached skill level 2 in Shields
  3094 | D:4      | Gained mutation: Your demonic aura sometimes causes spilled
                  | blood to erupt in flames. [demonic ancestry]
  3094 | D:4      | Reached XP level 6. HP: 38/47 MP: 6/6
  3286 | D:4      | Reached skill level 3 in Shields
  3620 | D:4      | Found a radiant altar of Vehumet.
  3772 | D:4      | Found an iron altar of Okawaru.
  3838 | D:5      | Entered Level 5 of the Dungeon
  3914 | D:5      | Reached XP level 7. HP: 37/52 MP: 7/7
  4127 | D:5      | Reached skill level 3 in Polearms
  4127 | D:5      | Reached skill level 4 in Shields
  4353 | D:5      | Reached skill level 4 in Polearms
  4384 | D:5      | Found Miduf's CLEARANCE SALE!.
  4384 | D:5      | Identified the +10 hand axe "Nuob" {vorpal, rPois}
  4469 | D:5      | Noticed Eustachio
  4477 | D:5      | Killed Eustachio
  4478 | D:5      | Reached skill level 6 in Axes
  4580 | D:5      | Found a hide-covered altar of Uskayaw.
  4630 | D:5      | Noticed a steam dragon
  4637 | D:5      | Killed a steam dragon
  4638 | D:5      | Reached XP level 8. HP: 48/58 MP: 8/8
  4737 | D:5      | Noticed Blork the orc
  4748 | D:5      | Killed Blork the orc
  5182 | D:6      | Reached skill level 7 in Axes
  5516 | D:6      | Found a stormy altar of Qazlal.
  5748 | D:7      | Reached skill level 8 in Axes
  5840 | D:7      | Found a staircase to the Ecumenical Temple.
  5867 | D:7      | HP: 14/56 [wight/+0 trident (2)]
  5892 | D:7      | Found a sand-covered staircase.
  5904 | D:7      | Reached skill level 9 in Axes
  6042 | Ossuary  | Entered an ossuary
  6122 | Ossuary  | Reached XP level 9. HP: 44/63 MP: 9/9
  6439 | Ossuary  | Reached skill level 10 in Axes
  6595 | D:7      | Found Faduacos's Weapon Shoppe.
  6601 | D:7      | Bought the +8 mithril axe "Arga" {speed, Will+} for 904
                  | gold pieces
  6601 | D:7      | Found the +8 mithril axe "Arga" {speed, Will+}
  7036 | D:7      | Found a shimmering blue altar of Sif Muna.
  7060 | D:8      | Noticed a manticore
  7069 | D:8      | Killed a manticore
  7070 | D:8      | Reached skill level 11 in Axes
  7627 | D:8      | Reached skill level 7 in Fighting
  7627 | D:8      | Reached skill level 6 in Evocations
  7627 | D:8      | Gained mutation: Your demonic aura often causes spilled
                  | blood to erupt in flames. [demonic ancestry]
  7627 | D:8      | Reached XP level 10. HP: 79/79 MP: 10/10
  7706 | D:8      | Reached XP level 11. HP: 77/84 MP: 11/11
  7819 | D:8      | Reached skill level 12 in Axes
  7839 | D:8      | Identified the +8 hunting sling of True Grit {freeze,
                  | *Corrode rC++}
  7979 | D:8      | Found a staircase to the Lair.
  8210 | Lair:1   | Entered Level 1 of the Lair of Beasts
  8808 | D:8      | Reached skill level 13 in Axes
  9772 | Lair:2   | Noticed a five-headed hydra
  9776 | Lair:2   | Killed a five-headed hydra
  9835 | Lair:2   | Reached skill level 14 in Axes
 10170 | Lair:2   | Found a hole to the Spider Nest.
 10580 | Lair:2   | HP: 21/84 [poisoned by a cane toad]
 10585 | Lair:2   | HP: 18/84 [poisoned by a cane toad]
 10892 | Lair:3   | Reached XP level 12. HP: 76/91 MP: 12/12
 11039 | Lair:3   | Reached skill level 15 in Axes
 11171 | Lair:3   | Noticed Amaemon
 11200 | Lair:3   | Killed Amaemon
 11672 | Lair:3   | Found a staircase to the Shoals.
 11780 | Lair:3   | Noticed a six-headed hydra
 11786 | Lair:3   | Killed a six-headed hydra
 11798 | Lair:3   | Reached skill level 16 in Axes
 11920 | Lair:3   | Identified the +1 war axe of the Imperium {vorpal, rF+ rC+}
 11932 | Lair:3   | Noticed a four-headed hydra
 11950 | Lair:3   | Killed a four-headed hydra
 12096 | Lair:3   | Noticed a five-headed hydra
 12096 | Lair:3   | Noticed a death yak
 12788 | Lair:4   | Reached skill level 17 in Axes
 13110 | Lair:4   | Gained mutation: You are completely covered in thin
                  | metallic scales. (AC +4, rElec) [demonic ancestry]
 13110 | Lair:4   | Reached XP level 13. HP: 74/97 MP: 13/13
 13524 | Lair:4   | Noticed Nergalle
 13533 | Lair:4   | Killed Nergalle
 13551 | Lair:4   | Noticed Nessos
 13561 | Lair:4   | Killed Nessos
 14593 | Lair:5   | Reached skill level 1 in Armour
 14593 | Lair:5   | Reached skill level 3 in Dodging
 14865 | Lair:5   | Reached skill level 8 in Fighting
 14971 | Lair:5   | Reached skill level 2 in Armour
 15010 | Lair:5   | Reached skill level 4 in Dodging
 15389 | Lair:5   | Reached skill level 3 in Armour
 15450 | Lair:5   | Found a staircase to the Slime Pits.
 15964 | Lair:6   | Entered Level 6 of the Lair of Beasts
 16023 | Lair:6   | Reached skill level 9 in Fighting
 16023 | Lair:6   | Reached skill level 4 in Armour
 16023 | Lair:6   | Reached skill level 5 in Dodging
 16031 | Lair:6   | HP: 22/101 [rime drake/flash freeze (14)]
 16519 | Lair:6   | Identified the ring "Fociop" {rPois Will+ rCorr}
 16523 | Lair:6   | Noticed a minotaur
 16533 | Lair:6   | Found a runed translucent gate.
 16533 | Lair:6   | Found a runed translucent gate.
 16533 | Lair:6   | Found a runed translucent gate.
 16542 | Lair:6   | Noticed spaghetti's ghost (journeyman DsBe)
 16829 | Lair:6   | Noticed Urug
 16845 | Lair:6   | Killed Urug
 17209 | Lair:6   | Reached skill level 5 in Armour
 17209 | Lair:6   | Reached XP level 14. HP: 108/108 MP: 14/14
 17219 | Lair:6   | Reached skill level 6 in Dodging
 17652 | Lair:6   | Reached skill level 10 in Fighting
 17772 | Lair:6   | HP: 22/110 [eight-headed hydra (10)]
 17774 | Lair:6   | Reached skill level 5 in Shields
 18185 | Lair:6   | Identified a scroll of acquirement
 18185 | Lair:6   | Acquired the ring "Ibuaff" {Dex+6 SInv}
 18881 | Lair:5   | Reached skill level 6 in Armour
 19396 | D:9      | Found a hazy altar of Hepliaklqana.
 19563 | D:9      | Found a staircase to the Orcish Mines.
 20201 | D:9      | Reached skill level 1 in Crossbows
 20354 | D:9      | Reached skill level 6 in Shields
 20466 | D:10     | Entered Level 10 of the Dungeon
 20476 | D:10     | Reached skill level 7 in Dodging
 20518 | D:10     | Reached skill level 2 in Crossbows
 20650 | D:10     | Found Naepnuce's Antique Armour Shop.
 20659 | D:10     | Bought a glowing chain mail for 262 gold pieces
 20751 | D:10     | Found Domoptaeth's Magic Scroll Shop.
 20760 | D:10     | Bought a scroll of fog for 20 gold pieces
 20760 | D:10     | Bought a scroll of summoning for 95 gold pieces
 20796 | D:10     | Found an ancient bone altar of Kikubaaqudgha.
 21038 | D:10     | Found Kihis's Magic Scroll Boutique.
 21049 | D:10     | Bought a scroll of magic mapping for 38 gold pieces
 21049 | D:10     | Bought a scroll of blinking for 82 gold pieces
 21242 | D:11     | Noticed Harold
 21256 | D:11     | Reached skill level 3 in Crossbows
 21269 | D:11     | Killed Harold
 21331 | D:11     | Noticed Lodul
 21342 | D:11     | Reached skill level 4 in Crossbows
 21345 | D:11     | Killed Lodul
 21353 | D:11     | Reached skill level 5 in Crossbows
 21799 | D:11     | Acquired the ring "Janemiolaa" {rC+ rCorr Dex+5}
 21871 | D:11     | Found a bloodstained altar of Trog.
 21998 | Orc:1    | Entered Level 1 of the Orcish Mines
 22209 | Orc:2    | Entered Level 2 of the Orcish Mines
 22223 | Orc:2    | Reached skill level 6 in Crossbows
 22709 | Orc:2    | Reached skill level 7 in Armour
 22712 | Orc:2    | Gained mutation: You have a small tail. [demonic ancestry]
 22712 | Orc:2    | Reached XP level 15. HP: 117/117 MP: 15/15
 22863 | Orc:1    | Reached skill level 11 in Fighting
 22877 | Orc:1    | Reached skill level 7 in Crossbows
 22889 | Orc:1    | Reached skill level 7 in Shields
 23563 | Orc:2    | Reached skill level 8 in Crossbows
 23812 | Orc:2    | Reached skill level 9 in Crossbows
 24032 | Orc:2    | Reached skill level 10 in Crossbows
 24075 | Orc:2    | Reached skill level 11 in Crossbows
 24159 | Orc:2    | Reached skill level 12 in Crossbows
 24357 | Orc:2    | Found Timiuruwo's Antique Weapon Boutique.
 24357 | Orc:2    | Found Haexen's Distillery.
 24358 | Orc:2    | Found Boadwo's Weapon Emporium.
 24358 | Orc:2    | Found Hocharui's Jewellery Boutique.
 24367 | Orc:2    | Bought a potion of heal wounds for 90 gold pieces
 24367 | Orc:2    | Bought a potion of flight for 54 gold pieces
 24367 | Orc:2    | Bought a potion of curing for 54 gold pieces
 24367 | Orc:2    | Bought a potion of curing for 54 gold pieces
 24367 | Orc:2    | Bought a potion of curing for 54 gold pieces
 24367 | Orc:2    | Bought a potion of haste for 180 gold pieces
 24368 | Orc:2    | Bought the ring of Contentment {rF+ rC+ Int+3 Dex-2} for
                  | 739 gold pieces
 24409 | Orc:2    | Found a staircase to the Elven Halls.
 25007 | D:10     | Bought a +2 buckler of protection for 408 gold pieces
 25053 | D:11     | Bought a pair of glowing gloves for 255 gold pieces
 25053 | D:11     | Bought a polished helmet for 323 gold pieces
 25053 | D:11     | Identified the +2 helmet "Wetiaxu" {rElec Slay+2 Stlth+}
                  | (You bought it in a shop on level 11 of the Dungeon)
 25053 | D:11     | Bought a pair of glowing gloves for 255 gold pieces
 25076 | D:11     | Bought a twisted scale mail for 306 gold pieces
 25076 | D:11     | Identified the +0 scale mail of Space {rPois rF++ rN+
                  | Dex-2} (You bought it in a shop on level 11 of the Dungeon)
 25340 | D:12     | Noticed Kirke
 25360 | D:12     | Killed Kirke
 25384 | D:12     | Acquired 1041 gold pieces
 25440 | D:12     | Identified the +0 pair of gloves "Inoxt" {rElec rC++
                  | Will+++ Stlth+}
 25458 | D:12     | Learned a level 4 spell: Hailstorm
 25779 | D:12     | Reached skill level 2 in Stealth
 26564 | D:13     | Reached skill level 1 in Spellcasting
 26564 | D:13     | Reached skill level 1 in Conjurations
 26617 | D:13     | Reached skill level 1 in Ice Magic
 26821 | D:13     | Reached skill level 3 in Stealth
 26908 | D:13     | Found a gate to the Vaults.
 26949 | D:13     | Reached skill level 2 in Conjurations
 27199 | D:13     | Reached skill level 4 in Stealth
 27199 | D:13     | Reached skill level 2 in Spellcasting
 27199 | D:13     | Reached skill level 2 in Ice Magic
 27780 | D:14     | Noticed Jorgrun
 27798 | D:14     | Killed Jorgrun
 28931 | D:15     | Entered Level 15 of the Dungeon
 29014 | D:15     | Gained mutation: You sometimes gain a little power by
                  | taking damage. [demonic ancestry]
 29014 | D:15     | Reached XP level 16. HP: 125/125 MP: 19/19
 29146 | D:15     | Found a large runed translucent door.
 29146 | D:15     | Found a large runed translucent door.
 29151 | D:15     | Reached skill level 5 in Stealth
 29151 | D:15     | Reached skill level 3 in Conjurations
 29375 | D:15     | Found a staircase to the Depths.
 29388 | D:15     | Reached skill level 3 in Ice Magic
 29397 | D:15     | Reached skill level 3 in Spellcasting
 29889 | D:15     | Noticed Cecur's ghost (journeyman DsWz)
 29979 | D:15     | Reached skill level 6 in Stealth
 30309 | Spider:1 | Entered Level 1 of the Spider Nest
 30399 | Spider:1 | Reached skill level 4 in Conjurations
 30583 | Spider:1 | Paralysed by a jorogumo for 2 turns
 30593 | Spider:1 | HP: 31/125 [poisoned by a redback]
 30598 | Spider:1 | HP: 24/125 [poisoned by a redback]
 31002 | Spider:1 | Reached skill level 4 in Ice Magic
 31354 | Spider:1 | Reached skill level 7 in Stealth
 32037 | D:11     | Bought the +1 robe of Vines {NoPotionHeal Regen++++} for
                  | 2720 gold pieces
 32037 | D:11     | Found the +1 robe of Vines {NoPotionHeal Regen++++}
 32246 | Spider:1 | Identified the +10 hunting sling "Ocarin" {venom, rCorr
                  | Int+2}
 32543 | Spider:1 | Reached skill level 5 in Conjurations
 32869 | Spider:2 | Reached skill level 8 in Stealth
 32873 | Spider:2 | HP: 20/125 [pharaoh ant (33)]
 33412 | Spider:2 | Reached skill level 5 in Ice Magic
 34155 | Spider:2 | HP: 31/125 [poisoned by a redback]
 34968 | Spider:3 | Noticed Arachne
 34977 | Spider:3 | Killed Arachne
 34978 | Spider:3 | Reached skill level 9 in Stealth
 34978 | Spider:3 | Reached skill level 6 in Conjurations
 35392 | Spider:3 | HP: 25/118 [jorogumo/bolt of negative energy (16)]
 35770 | Spider:3 | HP: 31/124 [poisoned by a wolf spider]
 36145 | Spider:3 | Noticed Bai Suzhen
 36177 | Spider:3 | Killed Bai Suzhen
 36379 | Spider:3 | Reached skill level 6 in Ice Magic
 36634 | Spider:3 | Noticed Aizul
 36649 | Spider:3 | Killed Aizul
 36931 | Spider:4 | Entered Level 4 of the Spider Nest
 37046 | Spider:3 | Reached XP level 17. HP: 113/131 MP: 21/21
 37096 | Spider:4 | Noticed Asterion
 37111 | Spider:4 | Killed Asterion
 37112 | Spider:4 | Reached skill level 10 in Stealth
 37399 | Spider:3 | Learned a level 3 spell: Frozen Ramparts
 37429 | Spider:4 | Reached skill level 7 in Conjurations
 38105 | Spider:4 | Reached skill level 7 in Ice Magic
 38200 | Spider:4 | Reached skill level 8 in Conjurations
 39374 | Spider:4 | Reached skill level 8 in Ice Magic
 39652 | Spider:4 | Got a gossamer rune of Zot
 39716 | Spider:4 | Reached skill level 9 in Conjurations
 40010 | Vaults:1 | Entered Level 1 of the Vaults
 40616 | Vaults:1 | Reached skill level 9 in Ice Magic
 40898 | Vaults:1 | Reached skill level 10 in Conjurations
 40967 | Vaults:1 | Found Zynuaxt's General Store.
 40971 | Vaults:1 | Bought a potion of haste for 130 gold pieces
 41289 | Vaults:1 | Reached skill level 10 in Ice Magic
 41344 | Vaults:1 | Reached skill level 4 in Spellcasting
 41794 | Vaults:1 | Gained mutation: You sometimes gain power by taking damage.
                  | [demonic ancestry]
 41794 | Vaults:1 | Reached XP level 18. HP: 94/138 MP: 24/24
 42156 | Vaults:1 | Reached skill level 11 in Conjurations
 42208 | Vaults:1 | Found Daniade's Antique Weapon Shop.
 42474 | Vaults:2 | Reached skill level 1 in Short Blades
 42669 | Vaults:2 | Reached skill level 2 in Short Blades
 42751 | Vaults:2 | Reached skill level 12 in Conjurations
 42798 | Vaults:2 | Reached skill level 3 in Short Blades
 42871 | Vaults:2 | Reached skill level 11 in Ice Magic
 42933 | Vaults:2 | Learned a level 3 spell: Swiftness
 43020 | Vaults:2 | Found a staircase to the Crypt.
 43209 | Vaults:2 | Reached skill level 4 in Short Blades
 43211 | Vaults:2 | Reached skill level 1 in Air Magic
 43434 | Vaults:2 | HP: 31/138 [deep troll[an ironbound preserver] (15)]
 43461 | Vaults:2 | Reached skill level 2 in Air Magic
 43846 | Vaults:3 | Reached skill level 5 in Short Blades
 43861 | Vaults:3 | Reached skill level 3 in Air Magic
 44081 | Vaults:3 | HP: 33/138 [war gargoyle/spray of metal splinters[a
                  | peacekeeper] (15)]
 44081 | Vaults:3 | HP: 2/138 [war gargoyle/+2 morningstar of protection[a
                  | peacekeeper] (31)]
 44154 | Vaults:3 | Reached skill level 13 in Conjurations
 44158 | Vaults:3 | Identified the +4 arbalest of Perversion {freeze, Str+4}
 44186 | Vaults:3 | Reached skill level 4 in Air Magic
 44204 | Vaults:3 | Noticed Xtahua
 44257 | Vaults:3 | Killed Xtahua
 44258 | Vaults:3 | Gained mutation: You have a tail ending in a sharp stinger.
                  | [demonic ancestry]
 44258 | Vaults:3 | Reached XP level 19. HP: 113/143 MP: 22/25
 45083 | Vaults:3 | Reached skill level 14 in Conjurations
 45397 | Vaults:3 | Learned a level 9 spell: Polar Vortex
 45436 | Vaults:3 | Reached skill level 12 in Ice Magic
 45943 | Vaults:4 | HP: 35/143 [war gargoyle/+1 morningstar of holy wrath[a
                  | peacekeeper] (28)]
 45943 | Vaults:4 | HP: 14/143 [war gargoyle/+1 morningstar of holy wrath[a
                  | peacekeeper] (21)]
 45950 | Vaults:3 | HP: 16/143 [peacekeeper/volley of spikes (14)]
 47212 | Vaults:4 | Reached skill level 13 in Ice Magic
 48745 | Vaults:4 | Reached skill level 14 in Ice Magic
 48766 | Vaults:4 | HP: 33/143 [orc knight/+0 long sword (22)]
 48766 | Vaults:4 | HP: 1/143 [orc warlord/+2 battleaxe of freezing (32)]
 48766 | Vaults:4 | Slain by an orc warlord

Illustrated notes

Levels and vault maps discovered:
D:1:      dpeg_arrival_boxes_within_box, layout_rooms,
          shapermc_ecumenical_altar_mp_highgroup
D:2:      minmay_roachtagon, layout_rooms, hangedman_decor_growths, minivault_24
D:3:      layout_rooms, st_stairs_1, uniq_ijyb, uniq_terence
D:4:      layout_rooms, mainiacjoe_overflow_24_doors,
          kennysheep_okawaru_gauntlet, kennysheep_generic_room_8
D:5:      layout_cave_pools, nicolae_uskayaw_dance_hall, nicolae_shop_clearance,
          uniq_eustachio, uniq_blork_the_orc
D:6:      layout_basic, mainiacjoe_overflow_paths, mainiacjoe_overflow_alcove_1,
          gammafunk_temple_overflow_wave, lightli_corner_chamber
D:7:      layout_cave_pools, minmay_temple_entry_glassed_door, enter_ossuary_5,
          serial_shops, nicolae_shop_bloodbath_and_beyond,
          kennysheep_flooded_box
D:8:      layout_cave_pools, grunt_lair_entry_orc_guard_hut, minmay_door_square
D:9:      layout_gridville, worldfamousw_hep_ancestral_shrine, hiddenorc1_lemuel
D:10:     layout_cross, amcnicky_altar_gilded, serial_shops, shop_fountains,
          shop, nicolae_square_shop
D:11:     layout_cave_pools, trog_three_pillars_becter, uniq_lodul, uniq_harold
D:12:     layout_roguey, uniq_kirke
D:13:     layout_basic, erik_vaults_2
D:14:     layout_loops_corners, nicolae_tso_swordbearing_angel, uniq_jorgrun
D:15:     hangedman_depths_entry_civil_slaughter, layout_stronghold,
          ebering_ghost_disaster_area, hive_lemuel
Lair:1:   layout_chaotic_city, hangedman_lair_unloving_vines, minmay_holes,
          lemuel_fruit_tree
Lair:2:   layout_chaotic_city, dummy_spider_entry, serial_bayou_pond_a
Lair:3:   layout_small_grid, elwin_shoals_entry_stream, minmay_shattered_shrine,
          infiniplex_staircase_pool_2, uniq_amaemon
Lair:4:   minmay_lair_oklob_chamber, layout_cave_shapes, uniq_nessos,
          uniq_nergalle
Lair:5:   layout_misc_corridors, minmay_slime_entry_oklob_open
Lair:6:   hangedman_lair_caniforms_friends, layout_regular_city,
          maelrawn_ghost_gauntlet_escape, lookout_lair_type, roderic_batcave,
          st_stairs_12, uniq_urug
Spider:1: layout_spider_delve
Spider:2: layout_spider_delve
Spider:3: layout_spider_delve, nicolae_spider_bug_shape, uniq_arachne,
          uniq_aizul, uniq_bai_suzhen
Spider:4: grunt_spider_rune_parallel, hellmonk_spider_spawner, uniq_asterion
Orc:1:    layout_caves
Orc:2:    st_orc_ogre_mass, layout_diamond_mine
Vaults:1: vaults_room_door_ring, nicolae_vaults_little_ls,
          hangedman_vaults_stream, ontoclasm_vaults_claustrophobia,
          ontoclasm_vaults_shuriken, st_smaller_cells,
          layout_vaults_chaotic_city, serial_shops, shop, shop
Vaults:2: vaults_dpeg_encased_lava, v_misc_13,
          hangedman_vaults_hard_town_square,
          vaults_room_grunt_arrival_checkpoint, vaults_dpeg_diagonal,
          vaults_room_boxed, minmay_crypt_entry_vampire_xt,
          hangedman_vaults_nails, vaults_room_hallway, serial_ice_b, v_misc_1,
          v_alt_pattern_3, v_misc_13, layout_vaults_omnibox
Vaults:3: hangedman_vaults_river_flow, ontoclasm_vaults_idyll,
          nicolae_vaults_triangles, nicolae_vaults_puzzle_piece,
          ontoclasm_vaults_loading_screen, vaults_mumra_hex,
          hangedman_vaults_restitches, v_misc_19, grunt_vaults_hallway_long,
          grunt_vaults_focal, vaults_dpeg_ring, grunt_vaults_hallway_short,
          layout_vaults_omnicross, uniq_xtahua
Vaults:4: hangedman_vaults_trim, nicolae_vaults_stairing_the_circle,
          hangedman_vaults_trim, vaults_dpeg_cross, hangedman_vaults_locks,
          hangedman_vaults_hat, nicolae_vaults_windows_and_doors_thing,
          nicolae_vaults_shelves_hall, v_alt_pattern_1, nicolae_vaults_theta,
          vaults_room_octagon, nicolae_vaults_little_squares_6,
          vaults_room_door_ring, layout_vaults_maze_snakey

Skill      XL: |  1  2  3  4  5  6  7  8  9 10 11 12 13 14 15 16 17 18 19 |
---------------+----------------------------------------------------------+-----
Axes           | 3 4 5 6 9 11 14 17 | 17.7
Polearms       | 2 4 |  4.5
Shields        | 2 3 4 6 7 |  7.0
Fighting       | 7 9 10 11 | 11.0
Evocations     | 6 |  6.8
Armour         | 5 7 |  7.0
Dodging        | 5 7 |  7.1
Crossbows      | 6 12 | 12.8
Stealth        | 4 9 10 | 10.0
Spellcasting   | 2 3 4 |  4.0
Conjurations   | 2 6 10 13 14 | 14.0
Ice Magic      | 2 6 10 11 14 | 14.0
Short Blades   | 5 |  5.4
Air Magic      | 4 |  4.0

Action                   |  1- 3 |  4- 6 |  7- 9 | 10-12 | 13-15 | 16-18 | 19-21 || total
-------------------------+-------+-------+-------+-------+-------+-------+-------++-------
Melee: Hand axe          |   106 |    91 |   172 |    19 |    11 |       |       ||   399
       Punch             |     1 |     2 |       |       |       |       |       ||     3
       Trident           |       |   118 |    18 |    11 |       |       |       ||   147
       Broad axe         |       |       |    58 |   335 |  1075 |  1294 |   308 ||  3070
       Spear             |       |       |       |     7 |    23 |     9 |       ||    39
       Tailslap          |       |       |       |       |    72 |   293 |    78 ||   443
       Dagger            |       |       |       |       |       |    16 |     3 ||    19
 Fire: Hunting sling     |       |       |       |     4 |       |       |       ||     4
       Hand crossbow     |       |       |       |       |   118 |   439 |   110 ||   667
Throw: Stone             |    20 |       |       |       |       |       |       ||    20
       Boomerang         |       |       |       |    40 |    10 |    55 |       ||   105
       Javelin           |       |       |       |     4 |       |       |       ||     4
 Cast: Frozen Ramparts   |       |       |       |       |       |     5 |     1 ||     6
Invok: Call Merchant     |       |       |       |       |     4 |       |       ||     4
       Potion Petition   |       |       |       |       |       |     3 |       ||     3
Evoke: Wand              |       |       |       |     7 |       |    13 |     1 ||    21
  Use: Potion            |       |     1 |     4 |       |     3 |     4 |     1 ||    13
       Scroll            |       |     9 |     8 |     2 |    12 |     4 |     1 ||    36
 Stab: Sleeping          |       |     1 |       |       |       |    19 |     2 ||    22
       Distracted        |       |       |     1 |     2 |    14 |    12 |     4 ||    33
Armor: Leather armour    |    41 |       |       |       |       |       |       ||    41
       Ring mail         |       |    56 |       |       |       |       |       ||    56
       Scale mail        |       |    45 |    32 |       |    52 |   251 |    55 ||   435
       Plate armour      |       |       |    57 |   104 |   169 |       |       ||   330
       Chain mail        |       |       |       |       |    44 |       |       ||    44
       Robe              |       |       |       |       |       |    72 |     6 ||    78
Dodge: Dodged            |    97 |    97 |    38 |    34 |   181 |   357 |    72 ||   876
Block: Buckler           |       |    19 |    81 |   115 |   261 |   574 |   108 ||  1158
       Reflection        |       |       |       |     3 |    11 |    30 |    17 ||    61
       Kite shield       |       |       |       |       |   187 |       |       ||   187

Table legend: (Time is in decaauts)
 A = Elapsed time spent in this place.
 B = Non-inter-level travel time spent in this place.
 C = Inter-level travel time spent in this place.
 D = Time resting spent in this place.
 E = Time spent auto-exploring this place.
 F = Levels seen in this place.
 G = Mean time per level.
                   A        B        C        D        E       F      G
               +--------+--------+--------+--------+--------+-----+--------+
         Total |  47373 |  45261 |   2112 |  13574 |  23896 |  32 | 1480.4 |
       Dungeon |  16628 |  15605 |   1023 |   3395 |   9721 |  15 | 1108.5 |
          Lair |  10088 |   9663 |    425 |   2238 |   6217 |   6 | 1681.3 |
   Spider Nest |   9080 |   8766 |    314 |   4271 |   2799 |   4 | 2270.0 |
  Orcish Mines |   2857 |   2749 |    108 |    919 |   1296 |   2 | 1428.5 |
        Vaults |   8290 |   8050 |    240 |   2691 |   3593 |   4 | 2072.5 |
       Ossuary |    427 |    427 |      0 |     59 |    270 |   1 |  427.0 |
               +--------+--------+--------+--------+--------+-----+--------+

Top non-repeatable levels by time:
Vaults:3: 2813 daAuts
Spider:3: 2797 daAuts
Spider:1: 2599 daAuts
Vaults:1: 2314 daAuts
  Lair:6: 2233 daAuts
Spider:4: 2223 daAuts
  Lair:4: 2144 daAuts
     D:8: 2053 daAuts
  Lair:3: 1910 daAuts
Vaults:2: 1844 daAuts
   Orc:2: 1814 daAuts
  Lair:5: 1733 daAuts
Spider:2: 1460 daAuts
    D:14: 1392 daAuts
    D:12: 1351 daAuts

Table legend:
 A = Kills in this place as a percentage of kills in entire the game.
 B = Kills by you in this place as a percentage of kills by you in the entire game.
 C = Kills by friends in this place as a percentage of kills by friends in the entire game.
 D = Other kills in this place as a percentage of other kills in the entire game.
 E = Experience gained in this place as a percentage of experience gained in the entire game.
 F = Experience gained in this place divided by the number of levels of this place that you have seen.
                   A       B       C       D       E      F
               +-------+-------+-------+-------+-------+----------------------
         Total | 100.0 | 100.0 |   N/A | 100.0 | 100.0 | 13716.2
       Dungeon |  29.8 |  29.7 |   N/A |  50.0 |  13.7 | 4019.8
          Lair |  19.8 |  19.9 |   N/A |   0.0 |  15.6 | 11443.5
   Spider Nest |  15.2 |  15.2 |   N/A |   0.0 |  19.4 | 21261.5
  Orcish Mines |  11.7 |  11.8 |   N/A |   0.0 |   6.7 | 14786.0
        Vaults |  22.3 |  22.2 |   N/A |  50.0 |  44.3 | 48620.0
       Ossuary |   1.2 |   1.2 |   N/A |   0.0 |   0.2 | 862.0
               +-------+-------+-------+-------+-------+----------------------
